Konishi, lawful female human Valkyrie --------- ------ ------ |.......| #..(..+# |....-#####|.......| ###|#...|# |....| #........| ------- # |....|# |....| |.......| |..(..| ### |....|# #+....| |.....<.| |..!..| # |....|# ###|...#| ---|----- #-.+.)+| ### ---.--# # ------ # #------- --------- # # # # # # |........####### #### # # # |.......| ## # # # |........######################## # ### # |...>...| ## # # # |.......+ ######################### ## # |.......| #-------# --.-+-d--------# --------- #...({.|# |.............|# |.....|# |.............|# |......# |..@...........# ------- --------------- Konishi the Skirmisher Experience level: 3 Strength: 18/05 Dexterity: 11 Constitution: 18 Intelligence: 7 Wisdom: 10 Charisma: 8 Health: 24(32) Energy: 7(7) Def: 8 Gold: 899 Moves: 1689 Dungeon seed: JNM-ru2C3D7bMkWW Game ID: Konishi_1507987479 Your Inventory: Coins $ - 899 gold pieces Weapons a - an uncursed +1 long sword (weapon in hand) b - an uncursed +0 dagger o - an uncursed +0 elven dagger Armor e - a blessed +3 small shield (being worn) n - an uncursed +0 splint mail (being worn) q - an uncursed +0 orcish helm N - a cursed -3 helm of opposite alignment (being worn) Comestibles s - an uncursed food ration Scrolls k - a blessed scroll of destroy armor l - a cursed scroll of enchant armor v - a cursed scroll of enchant weapon Potions f - a blessed potion of gain ability p - an uncursed potion of water Rings m - an uncursed ring of polymorph control Tools d - an uncursed oil lamp (0:1029) g - an uncursed leash h - an uncursed tin whistle Gems r - an uncursed worthless piece of green glass y - 2 uncursed worthless pieces of red glass z - an uncursed worthless piece of orange glass Spells and supernatural/magical abilities: Spells marked with '*' are forgotten. Spells marked with '!' are maintained. Spells marked with '#' are aliased with 'castalias'. Name Level Category Fail Memory W - pray for help -- divine ? -- Your skills at the end: Fighting Skills wands [Basic] Weapon Skills dagger [Basic] long sword [Basic] Spellcasting Skills Final Attributes: You were haltingly aligned. You were cold resistant. You were stealthy. You survived. Vanquished creatures: a small mimic a little dog a giant bat a coyote a gas spore a large kobold 2 cave spiders a yellow mold 2 geckos 7 jackals a fox a kobold 2 goblins 2 sewer rats 6 grid bugs a lichen 4 newts 35 creatures vanquished. Voluntary challenges: You used a wielded weapon 21 times, starting on turn 116. You read items or engraved 1 time, starting on turn 117. You never genocided any monsters. You never polymorphed an object. You never changed form. You used no wishes. You never split a pudding. You never wrote Elbereth's name. You never violated your personal moral code. Dungeon overview: The Dungeons of Doom: levels 1 to 3 Level 1 a long staircase Level 2 Level 3 <- You were here a general store, a fountain, some sinks History has recorded: On T:1 you entered the Dungeons of Doom to retrieve the Amulet of Yendor! On T:429 you advanced to experience level 2. On T:455 you reached level 2 of The Dungeons of Doom. On T:977 you reached level 3 of The Dungeons of Doom. On T:1069 you advanced to experience level 3. Score breakdown: Gold: 899 (10049 points) Experience: 3 levels ( 7878 points) Exploration: 3 levels ( 6.25%) ( 6188 points) Discoveries: 2 items ( 0.80%) ( 2688 points) Valuables value: (no points given unless you survive) Artifact value: 0 ( 0 points) Variety of kills: 17 monsters ( 4.44%) ( 6320 points) Turncount: 1689 turns ( 0 points) Survival: quit (score multiplied by 90%) Total score: 29810 Latest messages: You see here a puce potion (200 zorkmids). The large dog picks up 8 ya. You see here a cloth spellbook (1244 zorkmids). You hear water falling on coins. You start equipping your crested helmet. You take off your orcish helm. You are now wearing a crested helmet. Oops! That feels deathly cold. Your mind oscillates briefly. You begin praying to Tyr. You feel that Tyr is displeased. The little dog bites! (2x) You miss the little dog. The little dog bites! You hit the little dog! The little dog bites! The little dog misses. You miss the little dog. The little dog misses. You kill the little dog! Final status: Farvel Konishi the Valkyrie, quit... You quit in The Dungeons of Doom on dungeon level 3 with 29810 points, and 899 pieces of gold, after 1689 moves. You were level 3 with a maximum of 32 hit points when you quit.